 Dungeon Crawl Stone Soup version 0.29.1 (webtiles) character file.

Game seed: 18073828757140214853

105 qw the Chopper (level 4, -1/58 HPs)
             Began as a Minotaur Berserker on Sept 13, 2022.
             Was a Follower of Trog.
             Succumbed to a scorpion's poison
             ... on level 2 of the Dungeon.
             The game lasted 00:00:28 (1766 turns).

qw the Chopper (Minotaur Berserker)                 Turns: 1766, Time: 00:00:28

Health: -1/58      AC:  2    Str: 23    XL:     4   Next: 54%
Magic:  3/3        EV: 12    Int:  4    God:    Trog [*.....]
Gold:   44         SH:  0    Dex: 10    Spells: 3/3 levels left

rFire   . . .      SeeInvis .   Y - +1 hand axe
rCold   . . .      Faith    .   (no shield)
rNeg    . . .      Spirit   .   b - +0 animal skin
rPois   .          Reflect  .   (helmet restricted)
rElec   .          Harm     .   (no cloak)
rCorr   .          Rampage  .   (no gloves)
Will    .....                   (no boots)
Stlth   ..........              (no amulet)
HPRegen 0.19/turn               (no ring)
MPRegen 0.08/turn               (no ring)

@: berserking (expiring), lethally poisoned (-1 -> -13), very quick
A: horns 2, retaliatory headbutt
a: Renounce Religion, Berserk


You were on level 2 of the Dungeon.
You worshipped Trog.
Trog was aware of your devotion.
You visited 1 branch of the dungeon, and saw 2 of its levels.

You collected 44 gold pieces.


Innate Abilities, Weirdness & Mutations

You have a pair of horns on your head.
You reflexively headbutt those who attack you in melee.


   Skills:
 - Level 3.6 Fighting
 + Level 6.2 Axes
 - Level 1.1 Throwing
 - Level 2.4 Armour
 - Level 2.1 Dodging


You had 3 spell levels left.
You didn't know any spells.
Your spell library was empty.

Inventory:

Hand Weapons
 j - a +0 whip
 Y - a +1 hand axe (weapon)
Missiles
 f - 4 javelins (quivered)
Armour
 a - an orb of energy
 b - a +0 animal skin (worn)
Scrolls
 d - a scroll of identify
 g - 2 scrolls of teleportation
 i - a scroll of enchant armour
Potions
 c - a potion of berserk rage {unknown}
 e - a potion of ambrosia {unknown}
 m - a potion of curing {unknown}

Dungeon Overview and Level Annotations

Branches:
Dungeon (2/15)

Altars:


Message History

The scorpion stings you.
You are poisoned.
The scorpion poisons you!
You barely miss the scorpion.
The scorpion is severely wounded.
You feel very sick. The scorpion stings you.
You are lethally poisoned!
The scorpion poisons you!
You closely miss the scorpion. Your headbutt misses the scorpion.
The scorpion is severely wounded.
You feel very sick.
The scorpion stings you but does no damage.
The scorpion stings you.
You hit the scorpion but do no damage.
The scorpion is severely wounded.
You feel very sick. The scorpion stings you.
You are more poisoned.
The scorpion poisons you!
1761 ||| INVOKING Berserk.
A red film seems to cover your vision as you go berserk!
You feel yourself moving faster!
You feel mighty!
You feel very sick. The scorpion barely misses you.
You slash the scorpion!
You kill the scorpion!
Trog accepts your kill.
You feel very sick.
Your Axes skill increases to level 6!
You have reached level 4!
You feel agile.
There is a lethal amount of poison in your body!
You feel very sick.
There is a lethal amount of poison in your body!
You feel a strong urge to attack something.
You feel sick.
There is a lethal amount of poison in your body!
You feel sick.
There is a lethal amount of poison in your body!
You feel your anger nearly subside.
You die...

##### ....# ....# #
....# .# ....#
########### ..
....####.........#.#.#.#
....'..'........@'..>>.(
....####%........#.#.#..
....# #.........# ..
....# #.........# ...
##### #.........# ...
############# .. #<# #
########## #.#
.........####### #.#


There were no monsters in sight!

Vanquished Creatures
  A scorpion (D:2)
  A gnoll (D:1)
  An adder (D:2)
  A dart slug (D:2)
  3 bats (D:1)
  5 endoplasms
  A giant cockroach (D:2)
  5 goblins (D:1)
  3 hobgoblins (D:1)
  A quokka (D:1)
  2 ball pythons
  A frilled lizard (D:2)
  A kobold (D:1)
  4 rats (D:2)
30 creatures vanquished.

Notes
Turn   | Place    | Note
-------+----------+-------------------------------------------
     0 | D:1      | qw the Minotaur Berserker began the quest for the Orb.
     0 | D:1      | Reached XP level 1. HP: 19/19 MP: 0/0
     0 | D:1      | 0 ||| qw: Version: 0.1-a-119-g272c26d
     0 | D:1      | 0 ||| qw: Game counter: 11081
     0 | D:1      | 0 ||| qw: Always use a shield: true
     0 | D:1      | 0 ||| qw: Do Orc after D:15 true
     0 | D:1      | 0 ||| qw: Do second Lair branch before Depths: true
     0 | D:1      | 0 ||| qw: Lair rune preference: random
     0 | D:1      | 0 ||| qw: Plans: Normal
     0 | D:1      | 0 ||| PLANNING D:1-11
    38 | D:1      | 38 ||| Stepping ~*~*~tactically~*~*~ (stealth).
    41 | D:1      | 41 ||| Stepping ~*~*~tactically~*~*~ (stealth).
    42 | D:1      | 42 ||| Stepping ~*~*~tactically~*~*~ (stealth).
    46 | D:1      | 46 ||| Stepping ~*~*~tactically~*~*~ (stealth).
   222 | D:1      | Reached skill level 4 in Axes
   304 | D:1      | 304 ||| Stepping ~*~*~tactically~*~*~ (stealth).
   313 | D:1      | Reached XP level 2. HP: 26/26 MP: 1/1
   453 | D:1      | 453 ||| Stepping ~*~*~tactically~*~*~ (stealth).
   595 | D:1      | Found a faded altar of an unknown god.
   767 | D:1      | 767 ||| INVOKING Berserk.
   773 | D:1      | Reached skill level 5 in Axes
   773 | D:1      | Reached XP level 3. HP: 31/31 MP: 2/2
   880 | D:1      | 880 ||| DROPPING +0 club.
  1153 | D:1      | 1153 ||| READING scroll labelled ZOPLAUL UPRENT.
  1154 | D:1      | 1154 ||| READING scroll labelled ZURGHA KEMEIVAI.
  1285 | D:1      | 1285 ||| READING 2 scrolls labelled HEVAUGAIRE.
  1288 | D:1      | 1288 ||| READING scroll labelled LEIQAT GAUBUG.
  1289 | D:1      | 1289 ||| READING 2 scrolls labelled ROUFUH XEHA.
  1290 | D:1      | 1290 ||| READING scroll labelled EPADAU FILO.
  1291 | D:1      | 1291 ||| READING scroll labelled RANEUPU NIVUG.
  1595 | D:2      | 1595 ||| Stepping ~*~*~tactically~*~*~ (stealth).
  1630 | D:2      | Reached skill level 1 in Throwing
  1752 | D:2      | Noticed a scorpion
  1761 | D:2      | 1761 ||| INVOKING Berserk.
  1761 | D:2      | HP: 8/46 [poisoned by a scorpion]
  1762 | D:2      | Killed a scorpion
  1763 | D:2      | Reached skill level 6 in Axes
  1763 | D:2      | Reached XP level 4. HP: 7/39 MP: 3/3
  1764 | D:2      | HP: 2/58 [poisoned by a scorpion]
  1766 | D:2      | Succumbed to a scorpion's poison

Levels and vault maps discovered:
D:1:      scummos_arrival_forest, layout_loops_ring, basic_ecumenical_altar
D:2:      layout_basic, basic_altar

Skill      XL: |  1  2  3 |
---------------+----------+-----
Axes           | 4 5 6 |  6.2
Throwing       | 1 |  1.1
Fighting       | |  3.6
Armour         | |  2.4
Dodging        | |  2.1

Action                   |  1- 3 |  4- 6 || total
-------------------------+-------+-------++-------
Melee: Hand axe          |    70 |       ||    70
       Headbutt          |     5 |       ||     5
       Punch             |     1 |       ||     1
Throw: Javelin           |     7 |       ||     7
Invok: Berserk           |     2 |       ||     2
  Use: Scroll            |     7 |       ||     7
Armor: Animal skin       |    14 |       ||    14
Dodge: Dodged            |    30 |       ||    30

Table legend:
 A = Non-vault XP
 B = Vault XP
 C = Vault XP percentage of total XP
 D = Non-vault monster count
 E = Vault monster count
 F = Vault count percentage of total count
                 A         B        C        D         E       F
            +---------+---------+-------+---------+---------+-------
      Total |     151 |       0 |   0.0 |      30 |       0 |   0.0
            +---------+---------+-------+---------+---------+-------
        D:1 |      48 |       0 |   0.0 |      19 |       0 |   0.0
        D:2 |     103 |       0 |   0.0 |      11 |       0 |   0.0
            +---------+---------+-------+---------+---------+-------
